[Event "Titled Tuesday Blitz March 14 Late 2023"]
[White "Yanchenko, Roman"]
[Black "Mazibuko, Khanya"]
[WhiteFideId "4137329"]
[BlackFideId "14321041"]
[WhiteElo "2491"]
[BlackElo "1873"]
[Result "1-0"]
[Round "01"]
[TimeControl "180+1"]
[Date "2023.03.14"]
[WhiteClock "0:01:28"]
[BlackClock "0:00:51"]

1. d4 Nf6 2. Nf3 d5 3. c4 e6 4. Nc3 dxc4 5. Bg5 Bb4 6. e3 b5 7. a4 c6 8. g3 Bb7 9. Bg2 a6 10. O-O Be7 11. Ne5 Nd5 12. Bxe7 Qxe7 13. Qb1 O-O 14. Rc1 Nb4 15. b3 f6 16. Nf3 Nd3 17. Rd1 Rc8 18. bxc4 bxc4 19. Nd2 a5 20. Nxc4 Nb4 21. Nb6 N8a6 22. Ne4 c5 23. Nxa8 Bxa8 24. Nxc5 Nxc5 25. dxc5 Bxg2 26. Kxg2 Qxc5 27. Qe4 e5 28. h4 Rf8 29. Rac1 Qe7 30. Qc4+ Kh8 31. Qc7 1-0


[Site "https://www.chess.com"]

[Event "Titled Tuesday Blitz March 14 Late 2023"]
[White "Yedidia, Daniel"]
[Black "Sailer, Mike"]
[WhiteFideId "30905907"]
[BlackFideId "2012901"]
[WhiteElo "2554"]
[BlackElo "2109"]
[Result "0-1"]
[Round "01"]
[TimeControl "180+1"]
[Date "2023.03.14"]
[WhiteClock "0:00:01"]
[BlackClock "0:00:08"]

1. d4 d5 2. c4 Bf5 3. Nc3 e6 4. Qb3 Nc6 5. Nf3 Bb4 6. Bf4 Nf6 7. e3 O-O 8. cxd5 exd5 9. a3 Bxc3+ 10. bxc3 Na5 11. Qb4 c6 12. Be2 Ne4 13. O-O b5 14. Ne5 f6 15. Nf3 Nc4 16. a4 a5 17. Qb3 Ned2 18. Nxd2 Nxd2 19. Qb2 Nxf1 20. Bxf1 bxa4 21. Rxa4 Rf7 22. h3 Qc8 23. Qa2 Rfa7 24. c4 Be6 25. c5 Qd8 26. Qb1 Qd7 27. Bd3 h6 28. Qd1 Bf5 29. Be2 Rb7 30. Kh2 Rb4 31. Ra1 a4 32. g4 Bg6 33. Ra3 Qb7 34. Bd3 Bxd3 35. Qxd3 Rb3 36. Rxb3 Qxb3 37. Qg6 Qb7 38. Bxh6 a3 39. g5 Qf7 40. Qf5 gxh6 41. gxf6 a2 0-1


[Site "https://www.chess.com"]

[Event "Titled Tuesday Blitz March 14 Late 2023"]
[White "Yeritsyan, Hayk"]
[Black "Zakhartsov, Vladimir"]
[WhiteFideId "13307320"]
[BlackFideId "4145097"]
[WhiteElo "2449"]
[BlackElo "2521"]
[Result "0-1"]
[Round "01"]
[TimeControl "180+1"]
[Date "2023.03.14"]
[WhiteClock "0:01:08"]
[BlackClock "0:00:49"]

1. d4 d5 2. Nf3 Nf6 3. e3 c5 4. Bd3 Nc6 5. c3 Bg4 6. Nbd2 e6 7. Qa4 Bxf3 8. Nxf3 Bd6 9. Bb5 Qc7 10. Bxc6+ bxc6 11. dxc5 Bxc5 12. Qc2 O-O 13. O-O a5 14. c4 Rfc8 15. Bd2 a4 16. Rac1 Qb7 17. Rfd1 Ne4 18. Be1 h6 19. Nd2 Nf6 20. Nf3 Bd6 21. Bc3 Ne4 22. Nd2 Nxc3 23. Qxc3 Rcb8 24. Rb1 Be7 25. b3 axb3 26. axb3 Qb4 27. Qxb4 Bxb4 28. Nf3 Bc3 29. cxd5 cxd5 30. Nd4 Ra3 31. g3 Bxd4 32. Rxd4 Raxb3 33. Rxb3 Rxb3 34. e4 Rb5 35. exd5 exd5 36. Ra4 Rb8 37. Kf1 Rd8 38. Ke2 Kh7 39. Kd3 Kg6 40. Kd4 Kf5 41. f3 h5 42. Ra5 Ke6 43. Ra6+ Rd6 44. Ra7 Rb6 45. Ra4 Rc6 46. Rb4 g5 47. Ra4 f6 48. h3 Kd6 49. g4 h4 50. Rb4 Rc4+ 51. Rxc4 dxc4 52. Kxc4 Ke5 53. Kd3 Kf4 54. Ke2 Kg3 55. f4 gxf4 56. Kf1 Kxh3 57. Kf2 Kxg4 0-1


[Site "https://www.chess.com"]

[Event "Titled Tuesday Blitz March 14 Late 2023"]
[White "Zheng, Richard"]
[Black "Fajdetic, Hrvoje"]
[WhiteFideId "2624893"]
[BlackFideId "14501945"]
[WhiteElo "2633"]
[BlackElo "2185"]
[Result "1-0"]
[Round "01"]
[TimeControl "180+1"]
[Date "2023.03.14"]
[WhiteClock "0:01:04"]
[BlackClock "0:00:02"]

1. d4 e6 2. c4 f5 3. Nc3 Nf6 4. g3 Bb4 5. Bg2 Bxc3+ 6. bxc3 O-O 7. Bg5 d6 8. e4 fxe4 9. Bxe4 Nxe4 10. Bxd8 Rxd8 11. f3 Nf6 12. Ne2 Nc6 13. O-O e5 14. c5 Bh3 15. Re1 Rf8 16. cxd6 cxd6 17. Qb3+ Kh8 18. dxe5 Nxe5 19. Nd4 Nfd7 20. f4 Nd3 21. Re3 N3c5 22. Qd5 Nf6 23. Qxd6 Nce4 24. Qe7 Rae8 25. Qxb7 Nc5 26. Rxe8 Rxe8 27. Qxa7 Nce4 28. Re1 h5 29. Qf7 Rb8 30. Ne6 Rg8 31. Ng5 Bf5 32. Nxe4 Bxe4 33. Rxe4 Nxe4 34. Qxh5# 1-0


[Site "https://www.chess.com"]

[Event "Titled Tuesday Blitz March 14 Late 2023"]
[White "Naroditsky, Daniel"]
[Black "Defend, Balint"]
[WhiteFideId "2026961"]
[BlackFideId "17004853"]
[WhiteElo "2633"]
[BlackElo "2535"]
[Result "1-0"]
[Round "01"]
[TimeControl "180+2"]
[Date "2023.03.14"]
[WhiteClock "0:00:23"]
[BlackClock "0:00:20"]

1. d4 Nf6 2. Nc3 e6 3. Bf4 d5 4. Nb5 Na6 5. e3 c6 6. Nc3 Qa5 7. Bd3 Nb4 8. Nf3 Nxd3+ 9. cxd3 c5 10. O-O cxd4 11. Nxd4 a6 12. Qf3 Be7 13. Rac1 O-O 14. Be5 Nd7 15. Bg3 Bf6 16. a3 Be5 17. Bxe5 Nxe5 18. Qe2 Nc6 19. Nxc6 bxc6 20. Qc2 c5 21. Na4 c4 22. dxc4 dxc4 23. Qxc4 Bd7 24. Nc3 Rab8 25. Rc2 Rfc8 26. Qd4 Bc6 27. Rfc1 Bb7 28. h3 h5 29. e4 Qg5 30. Re1 Rc7 31. Qe3 Qe7 32. Rec1 Rbc8 33. f3 Qd6 34. Qd2 Qb6+ 35. Qf2 Qd6 36. Rd2 Qe5 37. Rcd1 g5 38. Qd4 Qxd4+ 39. Rxd4 Kf8 40. Kf2 h4 41. Rd8+ Ke7 42. Rxc8 Rxc8 43. Ke3 f5 44. Rd4 f4+ 45. Ke2 Rc5 46. Rb4 Bc6 47. Rb6 a5 48. Kd3 Bd7 49. Kd4 Rc7 50. b4 axb4 51. axb4 Rc6 52. Rxc6 Bxc6 53. Kc5 Ba8 54. b5 Kd7 55. b6 Bb7 56. Nb5 Ba6 57. Nd6 Bf1 58. Nf7 Bxg2 59. Nxg5 e5 60. Kd5 Bh1 61. Kxe5 Kc6 62. Kxf4 Kxb6 63. Ke3 Kc6 64. Kf2 Kd6 65. Kg1 Ke5 66. Kxh1 Kf4 67. Nf7 Kxf3 68. e5 Kg3 69. e6 Kxh3 70. e7 Kg3 71. e8=Q h3 72. Qe3+ Kg4 73. Nh6+ Kh5 74. Qg3 h2 75. Kxh2 Kxh6 76. Kg2 Kh5 77. Kf3 Kh6 78. Kf4 Kh5 79. Qg5# 1-0


[Site "https://www.chess.com"]

[Event "Titled Tuesday Blitz March 14 Late 2023"]
[White "Svane, Rasmus"]
[Black "ArchibaldCerveza29"]
[WhiteFideId "4657101"]
[WhiteElo "2597"]
[BlackElo "2504"]
[Result "1-0"]
[Round "01"]
[TimeControl "180+2"]
[Date "2023.03.14"]
[WhiteClock "0:01:47"]
[BlackClock "0:01:05"]

1. Nf3 d5 2. g3 Nf6 3. Bg2 e6 4. O-O Be7 5. c4 O-O 6. b3 b6 7. d4 Bb7 8. Nc3 dxc4 9. bxc4 c5 10. d5 exd5 11. Nh4 Nc6 12. cxd5 Nb4 13. d6 Bxg2 14. dxe7 Qxe7 15. Kxg2 Rfd8 16. Qb3 a5 17. a3 a4 18. Nxa4 Nbd5 19. Nc3 Nxc3 20. Qxc3 Qxe2 21. Qf3 Qe5 22. Bf4 Qb2 23. Bg5 1-0


[Site "https://www.chess.com"]

[Event "Titled Tuesday Blitz March 14 Late 2023"]
[White "Bortnyk, Olexandr"]
[Black "Postma, Dinant"]
[WhiteFideId "14120828"]
[BlackFideId "1018612"]
[WhiteElo "2734"]
[BlackElo "2501"]
[Result "0-1"]
[Round "01"]
[TimeControl "180+2"]
[Date "2023.03.14"]
[WhiteClock "0:01:27"]
[BlackClock "0:00:12"]

1. d4 d5 2. Nc3 c6 3. Bf4 Nf6 4. e3 Bf5 5. Nf3 e6 6. Ne5 Bb4 7. g4 Bg6 8. h4 Ne4 9. h5 Nxc3 10. Qd2 Qa5 11. a3 Be4 12. f3 f6 13. fxe4 fxe5 14. Bxe5 O-O 15. Rc1 Bxa3 16. bxa3 Qxa3 17. exd5 Ne4 18. dxe6 Nxd2 19. Kxd2 Rf2+ 20. Be2 Na6 21. Rhe1 Rd8 22. Ra1 Qb4+ 23. Kd1 Re8 24. Bg3 Rg2 25. Bf4 Rxe6 26. Rf1 Qc3 27. Rc1 Nb4 28. h6 Nd5 29. Rb1 Nxe3+ 30. Bxe3 Qxe3 31. Re1 Qxd4+ 32. Kc1 Rexe2 33. Rxe2 Rxe2 34. Rxb7 Qd2+ 35. Kb2 Qxc2+ 36. Ka3 Re3+ 37. Kb4 Qe4+ 38. Kc5 Qd5+ 0-1


[Site "https://www.chess.com"]

[Event "Titled Tuesday Blitz March 14 Late 2023"]
[White "Van Foreest, Jorden"]
[Black "TimGrutter03"]
[WhiteFideId "1039784"]
[WhiteElo "2633"]
[BlackElo "2493"]
[Result "1-0"]
[Round "01"]
[TimeControl "180+2"]
[Date "2023.03.14"]
[WhiteClock "0:00:11"]
[BlackClock "0:00:03"]

1. e4 c5 2. Nf3 e6 3. g3 Nc6 4. Bg2 Nf6 5. Qe2 e5 6. O-O Be7 7. d3 O-O 8. Na3 d6 9. c3 Re8 10. Nc2 h6 11. Ne3 Bf8 12. a4 d5 13. exd5 Nxd5 14. Nxd5 Qxd5 15. Nd2 Qd7 16. a5 Qc7 17. Nc4 Bf5 18. Qf3 Bg6 19. Re1 Rad8 20. Bf1 b5 21. axb6 axb6 22. Ne3 e4 23. dxe4 Bxe4 24. Qe2 Ne5 25. Bg2 Qb7 26. Ra7 Qxa7 27. Bxe4 c4 28. Nf5 b5 29. Be3 Qd7 30. Bd4 Nd3 31. Qg4 g6 32. Re3 Ne5 33. Qf4 gxf5 34. Bxf5 Qd6 35. Bxe5 Rxe5 36. Rxe5 Qd1+ 37. Kg2 Bd6 38. Qxh6 Bxe5 39. Bh7+ Kh8 40. Bg6+ Kg8 41. Qh7+ Kf8 42. Qxf7# 1-0


[Site "https://www.chess.com"]

[Event "Titled Tuesday Blitz March 14 Late 2023"]
[White "Pakleza, Zbigniew"]
[Black "Kielinkei"]
[WhiteFideId "1119290"]
[WhiteElo "2410"]
[BlackElo "2423"]
[Result "0-1"]
[Round "01"]
[TimeControl "180+2"]
[Date "2023.03.14"]
[WhiteClock "0:00:02"]
[BlackClock "0:00:04"]

1. d4 Nf6 2. Nf3 e6 3. Bf4 c5 4. c3 Nc6 5. e3 Qb6 6. Qb3 d5 7. Nbd2 Qxb3 8. axb3 Be7 9. h3 O-O 10. Be2 b6 11. Ne5 Bb7 12. Ba6 Nd8 13. Ke2 Bxa6+ 14. Rxa6 Bd6 15. Rha1 Bxe5 16. dxe5 Nd7 17. Rxa7 Rxa7 18. Rxa7 Nxe5 19. Bxe5 Nc6 20. Ra6 Nxe5 21. Rxb6 Rc8 22. f4 Nd7 23. Ra6 Kf8 24. g4 Ke7 25. e4 Rb8 26. exd5 exd5 27. Ra7 Kd6 28. Kd3 f6 29. c4 d4 30. Kc2 Re8 31. b4 cxb4 32. Nb3 Re2+ 33. Kb1 Re3 34. Nxd4 Rxh3 35. Nf5+ Kc6 36. Nxg7 b3 37. Kc1 Rg3 38. Nf5 Rxg4 39. Nd4+ Kd6 40. Nb5+ Ke6 41. Nd4+ Kd6 42. Nb5+ Ke6 43. f5+ Ke7 0-1


[Site "https://www.chess.com"]

[Event "Titled Tuesday Blitz March 14 Late 2023"]
[White "marik_spb"]
[Black "Holt, Conrad"]
[BlackFideId "2034387"]
[WhiteElo "2418"]
[BlackElo "2592"]
[Result "0-1"]
[Round "01"]
[TimeControl "180+2"]
[Date "2023.03.14"]
[WhiteClock "0:00:08"]
[BlackClock "0:00:20"]

1. d4 d5 2. c4 c6 3. Nf3 Nf6 4. Nc3 dxc4 5. g3 b5 6. Bg2 Bb7 7. O-O e6 8. a4 a6 9. Ne5 Qc8 10. e4 Nbd7 11. f4 Be7 12. f5 Nxe5 13. dxe5 Nd7 14. fxe6 Nxe5 15. exf7+ Nxf7 16. Bf4 O-O 17. e5 g5 18. Be3 Nxe5 19. Qh5 Qg4 20. Qxg4 Nxg4 21. Bd4 Rad8 22. Bb6 Rxf1+ 23. Rxf1 Rd7 24. Re1 b4 25. Ne4 Ne5 26. Nc5 Bxc5+ 27. Bxc5 Nd3 28. Re8+ Kf7 29. Rf8+ Kg7 30. Rf5 h6 31. Be4 Nxc5 32. Rxc5 Rd1+ 33. Kg2 Rd2+ 34. Kh3 Rxb2 35. Rxc4 Bc8+ 36. g4 Rb3+ 37. Kg2 Bxg4 38. Rxc6 Bh3+ 39. Kf2 a5 40. Rg6+ Kf7 41. Rxh6 Bd7 42. Ra6 Rb2+ 43. Kg3 Bxa4 44. Rxa5 Bd7 45. Rxg5 Kf6 46. Rd5 Be6 47. Rb5 Rb3+ 48. Kf2 Rb2+ 49. Kg3 b3 50. Bd5 Bxd5 51. Rxd5 Ke6 52. Rb5 Kd6 53. Kh4 Kc6 54. Rb4 Kc5 55. Rb8 Kc4 56. Rc8+ Kd3 57. h3 Rg2 58. Rb8 b2 59. Kh5 Kc2 60. h4 b1=Q 61. Rxb1 Kxb1 62. Kh6 Kc2 63. h5 Kd3 64. Kh7 Ke4 65. h6 Kf5 66. Kh8 Kf6 67. h7 Rd2 68. Kg8 Rd8# 0-1


[Site "https://www.chess.com"]

[Event "Titled Tuesday Blitz March 14 Late 2023"]
[White "Preotu, Razvan"]
[Black "ArtemDyachuk"]
[WhiteFideId "2613280"]
[WhiteElo "2407"]
[BlackElo "2391"]
[Result "1-0"]
[Round "01"]
[TimeControl "180+2"]
[Date "2023.03.14"]
[WhiteClock "0:00:09"]
[BlackClock "0:00:08"]

1. e4 c5 2. Nf3 d6 3. d4 cxd4 4. Nxd4 Nf6 5. Nc3 a6 6. Be3 e5 7. Nb3 Be6 8. Qd2 Be7 9. O-O-O Nbd7 10. f4 exf4 11. Bxf4 Ne5 12. Nd4 Qc7 13. Nf5 O-O 14. Nxd6 Ng6 15. e5 Nh5 16. g3 Rad8 17. Be2 Nhxf4 18. gxf4 Bxd6 19. exd6 Qa5 20. Kb1 b5 21. Rhf1 b4 22. Nd5 Rxd6 23. Qxb4 Rxd5 24. Qxa5 Rxa5 25. a3 Rb8 26. Rd6 Rf5 27. Rxa6 Rxf4 28. Rxf4 Nxf4 29. Bf3 h5 30. a4 g5 31. a5 g4 32. Ra8 Rxa8 33. Bxa8 h4 34. a6 g3 35. hxg3 hxg3 36. a7 Nd5 37. c4 Nc7 38. Bg2 Bxc4 39. Kc2 Be6 40. b4 Kg7 41. b5 Nxb5 42. a8=Q Nd4+ 43. Kd1 Nf5 44. Ke1 Ne7 45. Qe4 Ng6 46. Qd4+ Kh6 47. Qe3+ Kh5 48. Qxg3 Nh4 49. Bf3+ Nxf3+ 50. Qxf3+ Kg5 51. Kf2 f5 52. Ke3 Kf6 53. Qf4 Bf7 54. Kd4 Bg6 55. Kd5 Kf7 56. Kd6 Kf6 57. Qh4+ Kf7 58. Qe7+ Kg8 59. Qf6 Kh7 60. Ke7 Kh6 61. Qh4+ Kg7 62. Qg5 Kh7 63. Kf6 Kh8 64. Qxg6 1-0


[Site "https://www.chess.com"]

[Event "Titled Tuesday Blitz March 14 Late 2023"]
[White "Korchmar, Vasiliy"]
[Black "Becham, Khalid"]
[WhiteFideId "24131750"]
[BlackFideId "9000275"]
[WhiteElo "2370"]
[BlackElo "2081"]
[Result "1-0"]
[Round "01"]
[TimeControl "180+2"]
[Date "2023.03.14"]
[WhiteClock "0:00:37"]
[BlackClock "0:00:33"]

1. e4 d5 2. exd5 Qxd5 3. Nc3 Qd6 4. d4 Nf6 5. Nf3 a6 6. Bc4 Nc6 7. h3 b5 8. Bb3 Na5 9. O-O Bb7 10. Ne5 e6 11. Bf4 Nxb3 12. axb3 Nd5 13. Bg3 Qd8 14. Qh5 g6 15. Qf3 f6 16. Ng4 Bg7 17. Rfe1 O-O 18. Rxe6 Qd7 19. Re2 h5 20. Nh2 Rab8 21. Nxd5 Bxd5 22. Qd3 g5 23. Nf3 h4 24. Bh2 g4 25. Nxh4 gxh3 26. Qxh3 Qc6 27. Nf5 Rbe8 28. Ne7+ Rxe7 29. Rxe7 Qxc2 30. Qg4 Rf7 31. Re8+ Rf8 32. Rae1 Bf7 33. Rxf8+ Kxf8 34. Qc8+ 1-0


[Site "https://www.chess.com"]

[Event "Titled Tuesday Blitz March 14 Late 2023"]
[White "Goltsev, Dmitry"]
[Black "Fan_Of_Chucky"]
[WhiteFideId "24176710"]
[WhiteElo "2336"]
[BlackElo "2336"]
[Result "1-0"]
[Round "01"]
[TimeControl "180+2"]
[Date "2023.03.14"]
[WhiteClock "0:00:51"]
[BlackClock "0:00:01"]

1. e4 c5 2. Nf3 a6 3. c4 Nc6 4. Nc3 Nd4 5. d3 g6 6. Nxd4 cxd4 7. Ne2 Bg7 8. Bd2 b5 9. b3 Bb7 10. g3 f5 11. f3 Nf6 12. Bg2 fxe4 13. fxe4 O-O 14. O-O e5 15. h3 Qb6 16. g4 d6 17. Ng3 a5 18. a4 b4 19. g5 Nd7 20. Qg4 Nc5 21. h4 Nxb3 22. Rad1 Nxd2 23. Qe6+ Kh8 24. Rxd2 Rae8 25. Rxf8+ Rxf8 26. h5 Bc8 27. Qd5 Bb7 28. Qe6 Bc8 29. Qe7 Qd8 30. Qxd8 Rxd8 31. Rf2 Bd7 32. Nf1 gxh5 33. Ng3 h4 34. Nf5 Bxa4 35. Ra2 Bd1 36. Rxa5 b3 37. Rb5 Bc2 38. Bf1 Bf8 39. Be2 Ra8 40. Kg2 Ra2 41. Rb8 Kg8 42. Nh6+ Kg7 43. Nf5+ Kf7 44. Bh5+ Kg8 45. Ne7+ Kg7 46. Nd5 b2 47. Rb7+ Kh8 48. Nf6 1-0


[Site "https://www.chess.com"]

[Event "Titled Tuesday Blitz March 14 Late 2023"]
[White "Leonte, Sebastian-Marian"]
[Black "Dimitrov, Atanas"]
[WhiteFideId "1268767"]
[BlackFideId "2901315"]
[WhiteElo "2334"]
[BlackElo "2688"]
[Result "0-1"]
[Round "01"]
[TimeControl "180+2"]
[Date "2023.03.14"]
[WhiteClock "0:00:04"]
[BlackClock "0:00:30"]

1. e4 c5 2. Nf3 d6 3. d4 cxd4 4. Nxd4 Nf6 5. Nc3 g6 6. Be3 Bg7 7. f3 O-O 8. Bc4 Nc6 9. Bb3 Bd7 10. Qd2 Ne5 11. O-O-O Rc8 12. Bg5 Rc5 13. f4 Nc4 14. Bxc4 Rxc4 15. e5 Ne8 16. Nd5 f6 17. exf6 Nxf6 18. Nb3 Kh8 19. Rhe1 Bf5 20. c3 Ne4 21. Rxe4 Rxe4 22. Re1 Rf7 23. Nd4 Rxe1+ 24. Qxe1 Qa5 25. Nxf5 Qxd5 26. Nxe7 Qxa2 27. Qh4 Qe6 28. g4 Qe3+ 29. Kc2 Qe4+ 30. Kc1 Rxe7 31. Bxe7 Qxf4+ 32. Kc2 Qe4+ 33. Kb3 Qe6+ 34. Ka3 d5 0-1


[Site "https://www.chess.com"]

[Event "Titled Tuesday Blitz March 14 Late 2023"]
[White "Gharamian, Tigran"]
[Black "Ruiz Castillo, Joshua Daniel"]
[WhiteFideId "13301527"]
[BlackFideId "4400704"]
[WhiteElo "2632"]
[BlackElo "2491"]
[Result "0-1"]
[Round "01"]
[TimeControl "180+2"]
[Date "2023.03.14"]
[WhiteClock "0:00:16"]
[BlackClock "0:00:19"]

1. d4 Nf6 2. Nf3 e6 3. c4 d5 4. Nc3 a6 5. c5 b6 6. cxb6 cxb6 7. Bf4 Bd6 8. e3 Nc6 9. Bd3 O-O 10. Ne5 Bxe5 11. dxe5 Nd7 12. O-O g6 13. Bh6 Re8 14. f4 Nc5 15. Bg5 Qd7 16. Rf3 Nxd3 17. Qxd3 b5 18. Rh3 Qa7 19. Rd1 b4 20. Ne2 a5 21. Nd4 Ba6 22. Qd2 Nxd4 23. exd4 Rec8 24. Qf2 h5 25. g4 Qc7 26. gxh5 Qc2 27. Rd2 Qc1+ 28. Kg2 Bf1+ 29. Qxf1 Qxd2+ 30. Qf2 Qxf2+ 31. Kxf2 gxh5 32. Bf6 Kf8 33. Rxh5 Ke8 34. Rh8+ Kd7 35. Rh7 Rc2+ 36. Ke3 Rxb2 37. Rxf7+ Kc6 38. Re7 Rxa2 39. Rxe6+ Kb5 40. Rd6 Kc4 41. e6 b3 42. Rc6+ Kb5 43. Rc1 b2 44. Rb1 a4 45. e7 a3 46. Kd2 Ra1 47. Kc2 Rxb1 48. Kxb1 Kc4 49. Be5 Kb3 0-1


[Site "https://www.chess.com"]

[Event "Titled Tuesday Blitz March 14 Late 2023"]
[White "DeyanKostov"]
[Black "Cuenca Jimenez, Jose Fernando"]
[BlackFideId "2255570"]
[WhiteElo "2293"]
[BlackElo "2429"]
[Result "1-0"]
[Round "01"]
[TimeControl "180+2"]
[Date "2023.03.14"]
[WhiteClock "0:00:59"]
[BlackClock "0:00:01"]

1. d4 Nf6 2. c4 g6 3. Nc3 Bg7 4. e4 d6 5. Nf3 O-O 6. h3 e5 7. d5 Nh5 8. g3 f5 9. exf5 gxf5 10. Nh4 Nf4 11. Bd2 Na6 12. Qf3 Nc5 13. gxf4 Qxh4 14. fxe5 dxe5 15. O-O-O e4 16. Qf4 Qe7 17. Rg1 Kh8 18. Be3 Bd7 19. Qxc7 Rac8 20. Qf4 Bf6 21. d6 Qe6 22. Nd5 Be5 23. Bd4 Bxd4 24. Rxd4 b5 25. Kb1 b4 26. b3 Rf7 27. Ne7 Re8 28. Rd5 Nd3 29. Bxd3 exd3 30. Rxd3 Qf6 31. Qd4 Qxd4 32. Rxd4 f4 33. c5 a5 34. c6 Bxh3 35. d7 Rfxe7 36. dxe8=Q+ Rxe8 37. Rgd1 Bf5+ 38. Kb2 Kg7 39. c7 Rc8 40. Rd5 Be6 41. Rc5 Kf6 42. Rd8 Ke7 43. Rxc8 Bxc8 44. Rxa5 Kd6 45. Rh5 Kxc7 46. Rxh7+ Kd6 47. Rh5 Bg4 48. Rh4 Be6 49. Rxf4 1-0


[Site "https://www.chess.com"]

[Event "Titled Tuesday Blitz March 14 Late 2023"]
[White "Bove, Alessandro"]
[Black "Manelyuk, Daniil"]
[WhiteFideId "814121"]
[BlackFideId "44173920"]
[WhiteElo "2387"]
[BlackElo "2259"]
[Result "0-1"]
[Round "01"]
[TimeControl "180+2"]
[Date "2023.03.14"]
[WhiteClock "0:00:19"]
[BlackClock "0:00:24"]

1. d4 Nf6 2. Nf3 c5 3. Nc3 b6 4. dxc5 bxc5 5. Bf4 d6 6. e3 Bd7 7. Qd2 g6 8. h4 h5 9. Bc4 Bg7 10. Nd5 Nc6 11. Ng5 O-O 12. c3 Na5 13. Be2 Nxd5 14. Qxd5 Bc6 15. Qd3 Rb8 16. b3 Bb5 17. Qd2 Bxe2 18. Kxe2 Nc6 19. g4 e5 20. Bg3 d5 21. gxh5 gxh5 22. Rhd1 Ne7 23. c4 d4 24. Qc2 Ng6 25. Kf1 Qe7 26. Kg2 Rbd8 27. exd4 cxd4 28. Re1 d3 29. Qd2 f5 30. f4 e4 31. Rad1 Bd4 32. Kh3 Rfe8 33. Bf2 Bxf2 34. Qxf2 e3 35. Qg2 e2 36. Rd2 Qe3+ 37. Nf3 Kh8 38. Qxg6 Qxf3+ 39. Kh2 Qxf4+ 40. Kh1 Qxh4+ 41. Kg2 Qg4+ 42. Qxg4 fxg4 43. Kf2 Rf8+ 44. Ke3 Rf3+ 45. Ke4 Re8+ 46. Kd4 Rf1 0-1


[Site "https://www.chess.com"]

[Event "Titled Tuesday Blitz March 14 Late 2023"]
[White "Gamage, Wanshini Vidusama"]
[Black "Garcia Pantoja, Roberto"]
[WhiteFideId "9953752"]
[BlackFideId "3509265"]
[WhiteElo "2269"]
[BlackElo "2544"]
[Result "0-1"]
[Round "01"]
[TimeControl "180+2"]
[Date "2023.03.14"]
[WhiteClock "0:00:15"]
[BlackClock "0:00:15"]

1. e4 c5 2. Nf3 d6 3. d4 cxd4 4. Nxd4 Nf6 5. Nc3 a6 6. Rg1 h5 7. Be3 e5 8. Nb3 Be6 9. h3 h4 10. g4 hxg3 11. Rxg3 Nbd7 12. Qf3 Rc8 13. O-O-O Rxc3 14. bxc3 Qc7 15. Bg5 Be7 16. Bxf6 Bxf6 17. Qd3 Ke7 18. Be2 Nb6 19. Rdg1 g6 20. Bg4 Bxg4 21. hxg4 Bg5+ 22. Kb1 Bf4 23. Rh3 Rxh3 24. Qxh3 Na4 25. Qh4+ Ke6 26. Qh3 Nxc3+ 27. Kb2 Na4+ 28. Kb1 Qc3 29. Qxc3 Nxc3+ 30. Kb2 Nxe4 31. f3 Ng5 32. Rf1 Be3 33. c4 b6 34. Kc2 f5 35. Kd3 f4 36. Nd2 Bxd2 37. Kxd2 b5 38. cxb5 axb5 39. Ke2 Kd5 40. Rd1+ Kc5 41. Rc1+ Kb6 42. Rd1 Nf7 43. Kd3 d5 44. Ke2 Kc5 45. Rc1+ Kb6 46. Rd1 Kc6 47. Rc1+ Kd6 48. Rb1 e4 49. Rxb5 Ne5 50. fxe4 dxe4 51. a4 f3+ 52. Ke1 Nd3+ 53. Kf1 e3 0-1


[Site "https://www.chess.com"]

[Event "Titled Tuesday Blitz March 14 Late 2023"]
[White "Friedel, Tom"]
[Black "Klose, Eli"]
[WhiteFideId "2002108"]
[BlackFideId "16242955"]
[WhiteElo "2268"]
[BlackElo "2624"]
[Result "1/2-1/2"]
[Round "01"]
[TimeControl "180+2"]
[Date "2023.03.14"]
[WhiteClock "0:00:11"]
[BlackClock "0:00:09"]

1. e4 e6 2. d4 d5 3. exd5 exd5 4. Bf4 Nf6 5. Nc3 c5 6. Nf3 Be7 7. Be2 Nc6 8. Nb5 O-O 9. dxc5 Bxc5 10. O-O a6 11. Nbd4 Qb6 12. Nb3 Be7 13. Be3 Qd8 14. Nfd4 Ne5 15. Nf3 Nc4 16. Bd4 Bf5 17. Bd3 Bg4 18. h3 Bh5 19. Re1 Rc8 20. Bc3 b5 21. a3 Re8 22. Nbd4 Bg6 23. Nf5 Bxf5 24. Bxf5 Rb8 25. Nd4 a5 26. Nc6 Qc7 27. Nxb8 Qxb8 28. b3 Nxa3 29. Bxa5 b4 30. Re2 g6 31. Bg4 Ne4 32. Qxd5 Nc3 33. Qd3 Nxe2+ 34. Qxe2 Bf6 35. Qd1 Bxa1 36. Qxa1 Nxc2 37. Qf6 Qe5 38. Bd8 Qxf6 39. Bxf6 Re1+ 40. Kh2 Rb1 41. Be2 Ne1 42. Bc4 Nc2 43. Be5 Na1 44. Bd6 Nxb3 45. Bxb4 Nd4 46. Bd6 Ne6 47. Bg3 Rc1 48. Bd5 Rc7 49. Bf3 Rd7 50. Be5 Nd4 51. Bg4 f5 52. Bd1 Ne6 53. Bb3 Kf7 54. Bh8 Rb7 55. Bd5 Rc7 56. Bf3 Rc2 57. Kg3 f4+ 58. Kg4 Rxf2 59. Be5 h5+ 60. Kh4 Ra2 61. g3 fxg3 62. Kxg3 Ra3 63. Kf2 Rb3 64. Kg2 Ng5 65. Bd5+ Ne6 66. Bxb3 Ke7 67. Kg3 g5 68. Bxe6 Kxe6 69. Bb2 Kf5 70. Bc3 Ke4 71. Bd2 Kf5 72. Kf3 g4+ 73. hxg4+ hxg4+ 74. Kg3 Kg6 75. Bf4 Kh7 76. Kxg4 1/2-1/2


[Site "https://www.chess.com"]

[Event "Titled Tuesday Blitz March 14 Late 2023"]
[White "Fishbein, Alexander"]
[Black "Jenkins, Drake"]
[WhiteFideId "2000377"]
[BlackFideId "2022397"]
[WhiteElo "2415"]
[BlackElo "2249"]
[Result "1-0"]
[Round "01"]
[TimeControl "180+2"]
[Date "2023.03.14"]
[WhiteClock "0:00:30"]
[BlackClock "0:00:04"]

1. e4 c6 2. d4 d5 3. Nc3 dxe4 4. Nxe4 Nf6 5. Ng3 h5 6. h4 Bg4 7. Be2 Bxe2 8. N3xe2 g6 9. Nf3 Bg7 10. c3 O-O 11. Nf4 c5 12. Be3 cxd4 13. Qxd4 Nc6 14. Qxd8 Rfxd8 15. Ke2 Ng4 16. Rhd1 Nxe3 17. fxe3 e6 18. g3 Kf8 19. Nd4 Ne5 20. Ndxe6+ fxe6 21. Nxe6+ Ke7 22. Rxd8 Rxd8 23. Nxd8 Kxd8 24. e4 Kc7 25. Rd1 Nc4 26. b3 Nd6 27. Kd3 Be5 28. Rg1 Bf6 29. g4 Bxh4 30. gxh5 gxh5 31. Rh1 Be7 32. Rxh5 a6 33. e5 Nc8 34. Ke4 Na7 35. Rh7 Kd7 36. Kd5 Nb5 37. e6+ Kd8 38. c4 Nc3+ 39. Ke5 Nxa2 40. Rh8+ Kc7 41. Re8 Bd6+ 42. Kd4 Nc1 43. Kd5 Nxb3 44. e7 Bxe7 45. Rxe7+ Kb6 46. Re6+ Ka5 47. c5 Nd2 48. Rb6 1-0


[Site "https://www.chess.com"]

[Event "Titled Tuesday Blitz March 14 Late 2023"]
[White "Tagliati, Eleonore"]
[Black "Vlassov, Nikolai"]
[WhiteFideId "45172234"]
[BlackFideId "4103360"]
[WhiteElo "2218"]
[BlackElo "2324"]
[Result "0-1"]
[Round "01"]
[TimeControl "180+2"]
[Date "2023.03.14"]
[WhiteClock "0:01:20"]
[BlackClock "0:01:31"]

1. e4 Nc6 2. Nf3 d5 3. exd5 Qxd5 4. Nc3 Qa5 5. Be2 Bg4 6. O-O O-O-O 7. h3 Bh5 8. d3 e5 9. Bg5 f6 10. Bd2 Nge7 11. Nxe5 Bxe2 12. Nxc6 Bxd1 13. Nxa5 Bxc2 14. Rfe1 Bxd3 15. Be3 b6 16. Nb3 Nf5 17. Rad1 Bb4 18. a3 Bxc3 19. bxc3 Nxe3 20. Rxe3 Bc2 21. Rxd8+ Rxd8 22. Nd4 Ba4 23. Re7 Rd7 24. Re8+ Kb7 25. Kh2 Rxd4 0-1


[Site "https://www.chess.com"]

[Event "Titled Tuesday Blitz March 14 Late 2023"]
[White "babbilator"]
[Black "Diaz Rosas, Julio Cesar"]
[BlackFideId "5105099"]
[WhiteElo "2206"]
[BlackElo "2270"]
[Result "0-1"]
[Round "01"]
[TimeControl "180+2"]
[Date "2023.03.14"]
[WhiteClock "0:00:03"]
[BlackClock "0:00:10"]

1. e4 c6 2. d4 d5 3. e5 c5 4. dxc5 Nc6 5. Nf3 Bg4 6. c3 e6 7. b4 Nge7 8. Nbd2 Ng6 9. Qa4 Bxf3 10. Nxf3 Be7 11. Bb5 Qc7 12. O-O O-O 13. Bxc6 bxc6 14. Re1 a5 15. Qb3 Rfb8 16. Be3 Nxe5 17. Nxe5 Qxe5 18. a3 Qf5 19. Qb1 Qg4 20. h3 Qc4 21. Bd4 axb4 22. axb4 Bg5 23. Qb2 h6 24. Rxa8 Rxa8 25. g3 Bd8 26. Ra1 Ra6 27. Rxa6 Qxa6 28. Kg2 Bc7 29. f4 f6 30. Qd2 Kf7 31. Qe3 Qa2+ 32. Kf3 Qc2 33. h4 Qd1+ 34. Kf2 Qh1 35. Ke2 Qg2+ 36. Kd3 Qf1+ 37. Kd2 Qc4 38. Ke1 Qa2 39. Qf2 Qb1+ 40. Ke2 Qe4+ 41. Kf1 h5 42. Qe2 Qh1+ 43. Kf2 g6 44. Ke3 Qe4+ 45. Kd2 Qxe2+ 46. Kxe2 e5 47. fxe5 fxe5 48. Bf2 Ke6 49. Ke3 Kf5 50. Be1 e4 51. Bf2 Be5 52. Kd2 Kg4 53. Bd4 Bxg3 54. b5 cxb5 55. c6 Kxh4 0-1


[Site "https://www.chess.com"]